 Dungeon Crawl Stone Soup version 0.31-a0-846-gb3bcc0d938 (webtiles) character file.

Game seed: 2395096675236965216

3 lunkers the Ruffian (level 1, 0/16 HPs)
             Began as a Meteoran Shapeshifter on Oct 3, 2023.
             Slain by a rat (2 damage)
             ... on level 1 of the Dungeon.
             The game lasted 00:00:07 (35 turns).

lunkers the Ruffian (Meteoran Shapeshifter)           Turns: 35, Time: 00:00:08

Health: 0/16       AC:  2    Str: 15    XL:     1   Next: 71%
Magic:  2/2        EV: 12    Int: 11    God:
Gold:   0          SH:  0    Dex: 13    Spells: 0/0 levels left

rFire   . .          .
                       - Unarmed
rCold   . . .        (no shield)
rNeg    . . .        a - +0 animal skin
rPois   .            (helmet currently unavailable)
rElec   .            (cloak currently unavailable)
rCorr   .            (gloves currently unavailable)
SInv    .            (boots currently unavailable)
Will    .....        (no amulet)
Stlth   +            (no ring)
HPRegen 0.22/turn    (no ring)
MPRegen 0.08/turn

%: no passive effects
@: beast-form, glowing
A: beast (slay +2), sense surroundings 1, otherworldly, glowing, explore regen
a: Begin Untransformation


You were on level 1 of the Dungeon.
You were a hulking beast.
You visited 1 branch of the dungeon, and saw 1 of its levels.

Inventory:

Armour
 a - a +0 animal skin (worn)
Talismans
 c - a beast talisman (active)
 d - a flux talisman
Potions
 b - a potion of lignification


   Skills:
 - Level 1.1 Fighting
 - Level 2.1 Dodging
 * Level 3.8 Unarmed Combat
 + Level 3.7 Shapeshifting


You couldn't memorise any spells.
You didn't know any spells.
Your spell library was empty.

Dungeon Overview and Level Annotations

Branches:
Dungeon (1/15) Zot: 564

Altars:


Innate Abilities, Weirdness & Mutations

You are a hulking beast.
Your limbs bulge with bestial killing power. (Slay +2)
You passively map a small area around you.
You are easily found by Zot.
You glow in the dark.
You regain HP and MP as you explore.


Message History

There is an open gate here.
There are monsters nearby!
You hit the jackal.
The jackal is severely wounded.
The jackal bites you. x2
You hit the jackal.
You kill the jackal!
The rat bites you. The jackal barely misses you.
You barely miss the jackal. The jackal barely misses you. The rat bites you.
The jackal bites you.
* * * LOW HITPOINT WARNING * * *
You hit the jackal.
The jackal is lightly wounded.
The rat barely misses you. The jackal closely misses you.
You barely miss the jackal.
The jackal is lightly wounded.
A rat comes into view.
The rat bites you.
* * * LOW HITPOINT WARNING * * *
The jackal bites you.
* * * LOW HITPOINT WARNING * * *
You hit the jackal.
The jackal is severely wounded.
The jackal bites you but does no damage.
The rat barely misses you.
You hit the jackal.
You kill the jackal!
The rat closely misses you. The rat barely misses you.
Unknown command.
You hit the rat.
The rat is severely wounded.
The kobold hits you with a +0 short sword.
* * * LOW HITPOINT WARNING * * *
The rat barely misses you. The rat bites you.
* * * LOW HITPOINT WARNING * * *
You hit the kobold.
You kill the kobold!
The rat bites you but does no damage. x2
The rat bites you.
You die...

* * * , * * , , .#.
* , #### ... , *
###..# * .... ** ,
###....# * #...##
###......# #...#.,
,,###........# *
#...#####......##..#
*#..r'.......####..#
#..h'.....### #.<#
#.#r'.......####..#
# ######......##..#
, ###........# * ,
,###......# **,
###....# , , ###..#
* * * #### , ,


You could see 2 rats.

Vanquished Creatures
  2 jackals (D:1)
  A kobold (D:1)
3 creatures vanquished.

Notes
Turn   | Place    | Note
-------+----------+-------------------------------------------
     0 | D:1      | lunkers the Meteoran Shapeshifter began the quest for the
                  | Orb.
     0 | D:1      | Reached XP level 1. HP: 16/16 MP: 2/2
    35 | D:1      | Slain by a rat

Illustrated notes

Levels and vault maps discovered:
D:1:      lemuel_arrival_funnel, layout_basic,
          amcnicky_mini_rare_corridor_liquid, minmay_cupped

Action                     || total
---------------------------++-------
  Melee: Unarmed           ||     9
 Armour: Animal skin       ||    14
  Dodge: Dodged            ||    11

Table legend: (Time is in decaauts)
 A = Elapsed time spent in this place.
 B = Non-inter-level travel time spent in this place.
 C = Inter-level travel time spent in this place.
 D = Time resting spent in this place.
 E = Time spent auto-exploring this place.
 F = Levels seen in this place.
 G = Mean time per level.
                   A        B        C        D        E       F      G
               +--------+--------+--------+--------+--------+-----+--------+
         Total |     34 |     34 |      0 |      0 |     24 |   1 |   34.0 |
       Dungeon |     34 |     34 |      0 |      0 |     24 |   1 |   34.0 |
               +--------+--------+--------+--------+--------+-----+--------+

Top non-repeatable levels by time:
     D:1: 34 daAuts
